 Seeded DCSS version 0.25.1-8-g42b30a86e7 (webtiles) character file.

Game seed: 20201210 (custom seed)

4805 radhat240 the Covert (level 10, -3/85 HPs)
             Began as a Naga Assassin on Dec 14, 2020.
             Was an Elder of Dithmenos.
             Slain by a two-headed ogre
             ... wielding a +0 giant club
              (30 damage)
             ... on level 8 of the Dungeon on Dec 15, 2020.
             The game lasted 00:49:20 (7642 turns).

radhat240 the Covert (Naga Assassin)                Turns: 7642, Time: 00:49:20

Health: -3/85      AC: 13    Str: 15    XL:     10   Next: 48%
Magic:  10/10      EV: 12    Int: 12    God:    Dithmenos [****..]
Gold:   356        SH:  0    Dex: 15    Spells: 5/9 levels left

rFire    + . .     SeeInvis +   i - +8 dagger "Nayrioqem" {elec, rElec rN+++ Str-5 Stlth+}
rCold    . . .     Gourm    .   (no shield)
rNeg     + + +     Faith    .   y - +3 leather armour {rPois}
rPois    +         Spirit   .   (no helmet)
rElec    +         Reflect  .   c - +2 cloak
rCorr    .         Harm     .   s - +1 pair of gloves
MR       +....                  (no barding)
Stlth    +++++++++.             j - amulet of regeneration
HPRegen  0.64/turn              l - +6 ring of strength
MPRegen  0.12/turn              u - ring of protection from fire

@: wreathed by umbra, very slow
A: large, see invisible, deformed body, poison resistance, slowness 2, slow
metabolism 1, spit poison 1, AC +3
a: Spit Poison, Shadow Step, Renounce Religion


You were on level 8 of the Dungeon.
You worshipped Dithmenos.
Dithmenos was greatly pleased with you.
You were hungry.

You visited 1 branch of the dungeon, and saw 8 of its levels.
You also visited: Sewer and Bailey.

You collected 356 gold pieces.

Inventory:

Hand Weapons
 a - a +2 dagger
 i - the +8 dagger "Nayrioqem" (weapon) {elec, rElec rN+++ Str-5 Stlth+}
   (You found it on level 5 of the Dungeon)

   Occasionally, upon striking a foe, it will discharge some electrical energy
   and cause terrible harm.
   It affects your strength (-5).
   It insulates you from electricity.
   It renders you almost immune to negative energy.
   It makes you more stealthy.
 k - a +4 dagger
Missiles
 d - 48 poisoned darts
 e - 2 curare-tipped darts
 h - 8 atropa-tipped darts (quivered)
Armour
 b - a +0 robe
 c - a +2 cloak (worn)
 s - a +1 pair of gloves (worn)
 w - a +1 leather armour
 y - a +3 leather armour of poison resistance (worn)
Jewellery
 j - an amulet of regeneration (around neck)
 l - a +6 ring of strength (left hand)
 u - a ring of protection from fire (right hand)
 x - an uncursed amulet of faith {unknown}
Scrolls
 g - 3 scrolls of amnesia
 m - 3 scrolls of teleportation
 n - a scroll of fear
 p - 2 scrolls of blinking
 t - 2 scrolls of immolation {unknown}
 v - 5 scrolls of remove curse
 E - 2 scrolls of enchant weapon {unknown}
 F - a scroll of noise {unknown}
Potions
 o - 2 potions of ambrosia {unknown}
 q - 2 potions of curing
 r - a potion of heal wounds
 z - a potion of brilliance {unknown}
 A - 4 potions of haste {unknown}
 B - 2 potions of magic {unknown}
 C - 3 potions of might {unknown}
Comestibles
 f - 19 rations


   Skills:
 + Level 4.1 Fighting
 * Level 7.3 Short Blades
 + Level 2.4 Throwing
 + Level 3.3 Armour
 * Level 4.8 Dodging
 * Level 14.9 Stealth
 + Level 0.2 Spellcasting
 * Level 2.4 Summonings
 * Level 2.6 Translocations


You had 5 spell levels left.
You knew the following spells:

 Your Spells              Type           Power        Failure   Level  Hunger
a - Apportation           Tloc           #.....       14%         1    ##.....
b - Animate Skeleton      Necr           N/A          38%         1    ##.....
c - Corona                Hex            #......      38%         1    ##.....
d - Summon Small Mammal   Summ           #...         14%         1    ##.....

Your spell library contained the following spells:

 Spells                   Type           Power        Failure   Level  Hunger


Dungeon Overview and Level Annotations

Branches:
Dungeon (8/15)             Temple (0/1) D:6           Sewer (visited)
 Bailey (visited)
   Lair: D:8-11

Altars:
Ashenzari
Dithmenos
Elyvilon
Kikubaaqudgha
Ru
Trog
Vehumet
Yredelemnul


Innate Abilities, Weirdness & Mutations

You cannot wear boots.
Your serpentine skin is tough. (AC +3)
You have supernaturally acute eyesight. (SInv)
Armour fits poorly on your strangely shaped body.
Your system is resistant to poisons. (rPois)
You cover ground very slowly.
You have a slow metabolism.
You can spit poison.


Message History

You barely miss the two-headed ogre. You barely miss the two-headed ogre.
The two-headed ogre misses you. x2
You barely miss the two-headed ogre.
The two-headed ogre hits you with a +0 giant club!
The two-headed ogre hits you with a +0 dire flail!
You hit the two-headed ogre.
Lightning courses through the two-headed ogre!
The two-headed ogre is lightly wounded.
You hit the two-headed ogre.
The two-headed ogre is moderately wounded.
The two-headed ogre barely misses you. x2
You barely miss the two-headed ogre.
The two-headed ogre is moderately wounded.
You puncture the two-headed ogre!
The two-headed ogre is heavily wounded.
The two-headed ogre hits you with a +0 giant club!
* * * LOW HITPOINT WARNING * * *
The two-headed ogre barely misses you.
The two-headed ogre hits you with a +0 giant club!!
You die...

,,,,,,,...$###.........######
,,,,,,.................#
*,,,,,.................#
*,,,,.................##
*,,,,..........#......##***
,,,,......(............5,,* **
*,,*#.#................#.,* *,
*,,*#..?......((.........#* *,
*,,*......$..<.O@>.....##*******,
,,**,#................##***,,,,,,
,***,*##..............#**>,,***,,
**,,,*###...#...........,,****,,,
.,,*###.................,,,,,,,*,
.**##...................,,,,,,,,,
.###..#.................,,,******
......#...######........,,,*** *
...<....### *#.#..,,,,,,,,*


You could see a two-headed ogre and a crimson imp (asleep).

Vanquished Creatures
  Harold (D:7)
  Pikel (D:5)
  2 orc knights (Bailey)
  Joseph (D:8)
  A hippogriff (D:7)
  An ice beast (D:5)
  8 orc warriors
  A slave (D:5)
  A black bear (D:7)
  2 ogres
  A centaur (D:6)
  2 bullfrogs
  4 killer bees (D:6)
  3 crimson imps
  A quasit (D:7)
  4 orc wizards
  2 orc priests
  A bullfrog skeleton (D:5)
  4 worker ants
  9 gnolls
  8 adders
  A shadow imp (D:7)
  An ooze (D:2)
  An adder skeleton (D:4)
  5 worms
  3 dart slugs
  4 leopard geckos
  26 orcs
  6 ball pythons (Sewer)
  6 bats (D:1)
  7 giant cockroaches
  23 goblins
  34 hobgoblins
  8 jackals
  13 kobolds
  7 frilled lizards
  12 rats
  4 bushes (D:2)
  5 plants (Sewer)
224 creatures vanquished.

Vanquished Creatures (others)
  A crimson imp (D:5)
  A jelly (D:5)
  2 hounds (D:5)
  An iguana (D:5)
  2 worker ants (D:5)
  An adder skeleton (D:5)
  A dart slug (D:5)
  A leopard gecko (D:5)
  A giant cockroach (D:5)
  A frilled lizard (D:5)
  A leopard gecko skeleton (D:5)
13 creatures vanquished.

Grand Total: 237 creatures vanquished

Notes
Turn   | Place    | Note
-------+----------+-------------------------------------------
     0 | D:1      | radhat240 the Naga Assassin began the quest for the Orb.
     0 | D:1      | Reached XP level 1. HP: 19/19 MP: 1/1
    67 | D:2      | Reached skill level 6 in Stealth
    79 | D:2      | Found a radiant altar of Vehumet.
    80 | D:2      | Found a basalt altar of Yredelemnul.
    81 | D:2      | Found a shadowy altar of Dithmenos.
    98 | D:2      | Became a worshipper of Dithmenos the Shadowed
   206 | D:3      | Reached XP level 2. HP: 25/26 MP: 2/2
   284 | D:5      | Entered Level 5 of the Dungeon
   322 | D:5      | Got a faintly glowing dagger
   323 | D:5      | Identified the +8 dagger "Nayrioqem" {elec, rElec rN+++
                  | Str-5 Stlth+} (You found it on level 5 of the Dungeon)
   388 | D:5      | Noticed an ice beast
   392 | D:5      | HP: 1/26 [ice beast (12)]
   395 | D:5      | Killed an ice beast
   395 | D:5      | Reached skill level 8 in Stealth
   395 | D:5      | Reached XP level 3. HP: 2/32 MP: 3/3
   395 | D:5      | Reached XP level 4. HP: 3/39 MP: 4/4
   470 | D:5      | Noticed a slave
   474 | D:5      | Noticed a slave
   489 | D:5      | Killed a slave
   594 | D:5      | Noticed Pikel
   596 | D:5      | Noticed a slave
   597 | D:5      | Noticed a slave
   613 | D:5      | HP: 1/39 [Pikel/+2 whip of flaming (1)]
   614 | D:5      | Killed Pikel
   614 | D:5      | Reached skill level 1 in Dodging
   614 | D:5      | Reached skill level 10 in Stealth
   614 | D:5      | Reached XP level 5. HP: 1/48 MP: 5/5
   614 | D:5      | Reached XP level 6. HP: 1/55 MP: 6/6
   614 | D:5      | Reached XP level 7. HP: 1/61 MP: 7/7
   847 | D:5      | Reached skill level 11 in Stealth
  2301 | D:2      | Reached * piety under Dithmenos
  3315 | D:4      | Reached ** piety under Dithmenos
  3733 | D:4      | Noticed a moth of wrath
  3737 | D:4      | Found a bloodstained altar of Trog.
  3986 | D:6      | Reached XP level 8. HP: 69/69 MP: 8/8
  4009 | D:6      | Found a staircase to the Ecumenical Temple.
  4028 | D:6      | Found a glowing drain.
  4049 | D:6      | Reached skill level 12 in Stealth
  4057 | Sewer    | Entered a sewer
  4902 | D:6      | Reached *** piety under Dithmenos
  4903 | D:6      | Reached skill level 1 in Armour
  5200 | D:6      | Found a shattered altar of Ashenzari.
  5278 | D:6      | Found an ancient bone altar of Kikubaaqudgha.
  5293 | D:6      | Learned a level 1 spell: Apportation
  5295 | D:6      | Learned a level 1 spell: Animate Skeleton
  5297 | D:6      | Learned a level 1 spell: Corona
  5299 | D:6      | Learned a level 1 spell: Summon Small Mammal
  5321 | D:6      | Reached skill level 5 in Short Blades
  5364 | D:6      | Reached skill level 13 in Stealth
  5611 | D:7      | Reached XP level 9. HP: 76/76 MP: 9/9
  5746 | D:7      | Noticed Harold
  5751 | D:7      | Killed Harold
  6043 | D:7      | Reached skill level 14 in Stealth
  6116 | D:7      | Found a sacrificial altar of Ru.
  6528 | D:7      | Reached skill level 1 in Translocations
  6555 | D:7      | Found a white marble altar of Elyvilon.
  6676 | D:8      | Noticed Joseph
  6677 | D:8      | Killed Joseph
  6677 | D:8      | Reached skill level 1 in Summonings
  6685 | D:8      | Found a flagged portal.
  6685 | D:8      | Noticed a two-headed ogre
  6686 | D:8      | Noticed a two-headed ogre
  6694 | Bailey   | Entered a bailey
  6853 | Bailey   | Reached **** piety under Dithmenos
  6904 | Bailey   | Reached XP level 10. HP: 79/85 MP: 10/10
  7192 | Bailey   | Noticed an orc knight
  7192 | Bailey   | Noticed an orc warlord
  7192 | Bailey   | Noticed an orc knight
  7253 | Bailey   | Killed an orc knight
  7330 | Bailey   | Killed an orc knight
  7406 | Bailey   | Identified the ring of Keihuv {MR++ MP+9}
  7642 | D:8      | Slain by a two-headed ogre

Illustrated notes

Levels and vault maps discovered:
D:1:      dpeg_arrival_snail, layout_basic
D:2:      layout_basic, chequers_temple_overflow_statue_of_worship,
          minmay_hedge_maze, minmay_misc_feat_five
D:3:      layout_basic
D:4:      layout_loops_ring, tgw_trog, first_ration, minmay_distorted
D:5:      layout_basic, kennysheep_nub, minmay_fractal_squares_diagonal_5,
          uniq_pikel
D:6:      layout_loops_ring, kennysheep_mini_moat,
          minmay_temple_entry_overgrown, gup_sewer_entry_glass,
          cheibrodos_ashenzari_chains
D:7:      layout_layer_cave, nicolae_overflow_crystal_walls,
          lemuel_doored_altar, uniq_harold
D:8:      layout_rooms, enter_bailey_6, uniq_joseph

Skill      XL: |  1  2  3  4  5  6  7  8  9 10 |
---------------+-------------------------------+-----
Stealth        | 6 8 10 11 13 14 | 14.9
Throwing       | 2 |  2.4
Short Blades   | 3 5 6 7 |  7.3
Dodging        | 1 2 3 4 |  4.8
Fighting       | 3 4 |  4.1
Armour         | 2 3 |  3.3
Translocations | 1 2 |  2.6
Summonings     | 1 2 |  2.4
Spellcasting   | |  0.2

Action                   |  1- 3 |  4- 6 |  7- 9 | 10-12 || total
-------------------------+-------+-------+-------+-------++-------
Melee: Dagger            |    17 |    15 |   443 |   127 ||   602
Throw: Dart              |     1 |       |     6 |     4 ||    11
 Cast: Summon Small Mamm |       |       |     1 |     1 ||     2
  Use: Scroll            |     1 |       |     7 |    11 ||    19
       Potion            |       |       |       |     1 ||     1
 Stab: Sleeping          |     3 |       |    49 |       ||    52
       Distracted        |       |       |     2 |       ||     2
       Invisible         |       |       |     1 |       ||     1
  Eat: Ration            |       |       |     4 |       ||     4
       Chunk             |       |       |     5 |       ||     5
Armor: Robe              |     5 |     1 |    13 |       ||    19
       Leather armour    |       |       |   108 |    25 ||   133
Dodge: Dodged            |     6 |     7 |   187 |    78 ||   278
